 Dungeon Crawl Stone Soup version 0.27-a0-1324-ge0d8e047f6 (webtiles) character file.

Game seed: 1067561461932916315

42 Tocho the Grasshopper (level 3, -6/48 HPs)
             Began as a Naga Warper on June 23, 2021.
             Mangled by Sigmund (12 damage)
             ... on level 2 of the Dungeon.
             The game lasted 00:03:43 (2085 turns).

Tocho the Grasshopper (Naga Warper)                 Turns: 2085, Time: 00:03:43

Health: -6/48      AC:  3    Str: 14    XL:     3   Next: 54%
Magic:  6/6        EV:  9    Int: 13    God:
Gold:   29         SH:  0    Dex: 10    Spells: 2/6 levels left

rFire    . . .     SeeInvis +   a - +0 short sword
rCold    . . .     Faith    .   (no shield)
rNeg     . . .     Spirit   .   b - +0 leather armour
rPois    +         Reflect  .   (no helmet)
rElec    .         Harm     .   h - +0 cloak
rCorr    .         Rampage  .   (no gloves)
Will     .....                  (no barding)
Stlth    ..........             (no amulet)
HPRegen  0.16/turn              (no ring)
MPRegen  0.10/turn              (no ring)

@: confused, berserking, quick
A: AC +1, large, see invisible, deformed body, poison resistance, slowness 2,
spit poison 1, naga tail 1
a: Spit Poison


You were on level 2 of the Dungeon.
You visited 1 branch of the dungeon, and saw 2 of its levels.

You collected 29 gold pieces.

Inventory:

Hand Weapons
 a - a +0 short sword (weapon)
Missiles
 d - 4 boomerangs of dispersal
 k - 14 poisoned darts
Armour
 b - a +0 leather armour (worn)
 h - a +0 cloak (worn)
Scrolls
 c - a scroll of blinking
 g - 2 scrolls of identify {unknown}
 l - a scroll of amnesia {unknown}
 m - a scroll of noise {unknown}
Potions
 e - a potion of berserk rage
 f - a potion of heal wounds {unknown}
 i - a potion of lignification {unknown}
 j - a potion of brilliance {unknown}


   Skills:
 * Level 2.2 Fighting
 * Level 2.8 Short Blades
 - Level 0.8 Throwing
 + Level 1.0 Armour
 + Level 1.7 Dodging
 * Level 1.5 Stealth
 + Level 2.2 Spellcasting
 + Level 3.1 Translocations


You had 2 spell levels left.
You knew the following spells:

 Your Spells              Type           Power      Damage    Failure   Level
a - Animate Skeleton      Necr           2%         N/A       30%         1
b - Pain                  Necr           4%         1d4       30%         1
c - Blink                 Tloc           N/A        N/A       13%         2

Your spell library contained the following spells:

 Spells                   Type           Power      Damage    Failure   Level
 Summon Small Mammal      Summ           4%         N/A       30%         1
 Call Imp                 Summ           1%         N/A       43%         2
 Gell's Gravitas          Tloc           4%         N/A       26%         3
 Lesser Beckoning         Tloc           4%         N/A       26%         3
 Teleport Other           Tloc           9%         N/A       26%         3
 Call Canine Familiar     Summ           1%         N/A       67%         3
 Summon Guardian Golem    Hex/Summ       1%         N/A       67%         3
 Vampiric Draining        Necr           0%         2d6       67%         3
 Manifold Assault         Tloc           9%         N/A       93%         5
 Animate Dead             Necr           0%         N/A       97%         4
 Summon Ice Beast         Ice/Summ       1%         N/A       97%         4
 Summon Lightning Spire   Summ/Air       1%         N/A       97%         4
 Agony                    Necr           1%         N/A       100%        5


Dungeon Overview and Level Annotations

Branches:
Dungeon (2/15)

Altars:

Annotations:
D:2 Sigmund


Innate Abilities, Weirdness & Mutations

Your serpentine skin is tough. (AC +1)
You have supernaturally acute eyesight. (SInv)
Armour fits poorly on your strangely shaped body.
Your system is resistant to poisons. (rPois)
You cover ground very slowly.
You can spit poison.
You have a snake-like lower body.


Message History

You have got your breath back.
Sigmund the Dreaded comes into view.
He is wielding a +0 scythe.
Sigmund is nearby!
Sigmund hits you with a +0 scythe.
Found a stone staircase leading up.
You hit Sigmund but do no damage. Sigmund hits you with a +0 scythe!
You hit Sigmund.
Sigmund is lightly wounded.
Sigmund gestures wildly while chanting.
Sigmund flickers and vanishes for a moment.
You closely miss Sigmund.
Sigmund is lightly wounded.
Sigmund barely misses you.
You hit Sigmund.
Sigmund is lightly wounded.
Sigmund hits you with a +0 scythe!
* * * LOW HITPOINT WARNING * * *
You hit Sigmund.
Sigmund is moderately wounded.
Sigmund closely misses you.
Abil: Spit Poison
Press: ? - help, Q - select action, (/) - cycle Shift-Dir - straight line, f - Sigmund
Aim: Sigmund, wielding a +0 scythe and wearing a +0 robe (moderately wounded, slightly transparent)
The splash of poison misses Sigmund.
Sigmund points at you and mumbles some strange words.
The puff of flame hits you.
* * * LOW HITPOINT WARNING * * *
It was a potion of berserk rage.
A red film seems to cover your vision as you go berserk!
You feel yourself moving faster!
You feel mighty! Sigmund hits you but does no damage.
You closely miss Sigmund.
Sigmund is moderately wounded.
You puncture Sigmund!
Sigmund is severely wounded.
You have got your breath back.
Sigmund points at you and mumbles some strange words.
You are confused.
Sigmund hits you with a +0 scythe!
You die...

#####......#.#
#.###.# ##
###.#.##.###.###.###
# #.#.##.....).....#
# #....#####..######
#..# #..# ## #..#
##.# #. ####..#
###.# #. #....@#
#...# #.
+...@.####.### #.
#...#......# #.
#...######## #.
..<.. #. ######
#####. ##.....
#...... #####.. ##..


You could see Sigmund (invisible).

Vanquished Creatures
  A worm (D:2)
  A dart slug (D:1)
  2 ball pythons (D:1)
  2 endoplasms (D:1)
  2 giant cockroaches (D:1)
  3 goblins
  5 jackals (D:1)
  6 kobolds (D:1)
  A quokka (D:1)
  A bat (D:1)
  4 frilled lizards
  5 rats (D:1)
33 creatures vanquished.

Notes
Turn   | Place    | Note
-------+----------+-------------------------------------------
     0 | D:1      | Tocho the Naga Warper began the quest for the Orb.
     0 | D:1      | Reached XP level 1. HP: 19/19 MP: 3/3
   291 | D:1      | Reached XP level 2. HP: 23/26 MP: 5/5
   376 | D:1      | Reached skill level 1 in Stealth
   946 | D:1      | Reached XP level 3. HP: 28/32 MP: 6/6
  1005 | D:1      | Reached skill level 1 in Armour
  1445 | D:1      | Learned a level 1 spell: Animate Skeleton
  1447 | D:1      | Learned a level 1 spell: Pain
  1450 | D:1      | Learned a level 2 spell: Blink
  2074 | D:2      | Noticed Sigmund
  2085 | D:2      | Mangled by Sigmund

Illustrated notes

Levels and vault maps discovered:
D:1:      lightli_arrival_noodles, layout_basic, dk_noncrumbling_4
D:2:      layout_basic, hellmonk_ecumenical_altar_arch_garden,
          minmay_tetromino_t2, uniq_sigmund

Skill      XL: |  1  2  3 |
---------------+----------+-----
Stealth        | 1 |  1.5
Armour         | 1 |  1.0
Fighting       | |  2.2
Short Blades   | |  2.8
Throwing       | |  0.8
Dodging        | |  1.7
Spellcasting   | |  2.2
Translocations | |  3.1

Action                   || total
-------------------------++-------
Melee: Short sword       ||   114
Throw: Boomerang         ||     1
 Abil: Spit Poison       ||     7
  Use: Potion            ||     1
 Stab: Sleeping          ||     1
Armor: Leather armour    ||    24
Dodge: Dodged            ||    53

Table legend: (Time is in decaauts)
 A = Elapsed time spent in this place.
 B = Non-inter-level travel time spent in this place.
 C = Inter-level travel time spent in this place.
 D = Time resting spent in this place.
 E = Time spent auto-exploring this place.
 F = Levels seen in this place.
 G = Mean time per level.
                   A        B        C        D        E       F      G
               +--------+--------+--------+--------+--------+-----+--------+
         Total |   2494 |   2375 |    119 |      0 |   2106 |   2 | 1247.0 |
       Dungeon |   2494 |   2375 |    119 |      0 |   2106 |   2 | 1247.0 |
               +--------+--------+--------+--------+--------+-----+--------+

Top non-repeatable levels by time:
     D:1: 1980 daAuts
     D:2: 514 daAuts
